 Dungeon Crawl Stone Soup version 0.32-a0-450-g080537f31e (webtiles) character file.

Game seed: 15234976829777373738

3956 jasper the Fighter (level 10, -3/80 HPs)
             Began as a Djinni Fighter on Feb 23, 2024.
             Was a Priest of Beogh.
             Slain by a wyvern (14 damage)
             ... on level 8 of the Dungeon.
             The game lasted 00:12:25 (8983 turns).

jasper the Fighter (Djinni Fighter)                 Turns: 8983, Time: 00:12:26

Health: -3/80      AC: 11    Str: 19    XL:     10   Next: 45%
Gold:   114        EV:  9    Int: 10    God:    Beogh [***...] SH:  5 Dex: 13

rFire   + +          .
                       - Unarmed
rCold   x . .        b - +0 buckler
rNeg    . . .        a - +0 scale mail
rPois   ∞            p - +1 helmet
rElec   .            w - +0 cloak
rCorr   .            t - +0 pair of gloves
SInv    .            (boots unavailable)
Will    +....        (no amulet) Stlth
                     (no ring)
HPRegen 0.33/turn    (no ring)
MPRegen 0.00/turn

%: infuse magic (-4 HP)
@: flying
A: sickness immunity, fire resistance 2, cold vulnerability 1, float, innate
caster, HP casting, extra vitality 1
a: Renounce Religion, Smiting, Recall Apostles, Dismiss Spirok, priest


You were on level 8 of the Dungeon.
You worshipped Beogh.
Beogh was most pleased with you.
You visited 1 branch of the dungeon, and saw 8 of its levels.
You also visited: Sewer and Ossuary.

You collected 430 gold pieces.
You spent 316 gold pieces at shops.

Inventory:

Missiles
 n - 25 poisoned darts (quivered)
Armour
 a - a +0 scale mail (worn)
 b - a +0 buckler (worn)
 d - a +0 buckler
 p - a +1 helmet (worn)
 t - a +0 pair of gloves (worn)
 w - a +0 cloak (worn)
Jewellery
 g - a ring of ice
 m - a ring of wizardry
 q - a +6 ring of intelligence
Talismans
 v - a blade talisman
Wands
 e - a wand of flame (12)
 o - a wand of polymorph (12)
 y - a wand of iceblast (25)
Scrolls
 c - 3 scrolls of teleportation
 f - 5 scrolls of enchant weapon
 h - a scroll of brand weapon
 i - a scroll of enchant armour
 s - 2 scrolls of amnesia
 u - 3 scrolls of vulnerability
 x - a scroll of fog
 E - a scroll of summoning
Potions
 j - 4 potions of curing
 k - 2 potions of mutation
 l - 2 potions of degeneration
 r - a potion of berserk rage {unknown}
 z - 2 potions of enlightenment
 A - a potion of ambrosia
 B - 2 potions of magic {unknown}
 D - a potion of experience {unknown}
 F - a potion of resistance {unknown}


   Skills:
 - Level 10.1 Fighting
 - Level 3.0 Armour
 - Level 4.0 Shields
 + Level 9.8 Unarmed Combat
 - Level 4.0 Invocations


You knew the following spells:

 Your Spells              Type           Power      Damage    Failure   Level
a - Sting                 Conj/Alch      0%         1d3       80%         1
b - Jinxbite              Hex            0%         N/A       91%         2
c - Static Discharge      Conj/Air       0%         3-3/arc   91%         2
d - Petrify               Alch/Erth      0%         N/A       100%        4
Your spell library was empty.


Dungeon Overview and Level Annotations

Branches:
Dungeon (8/15)             Temple (0/1) D:4           Sewer (visited)
Ossuary (visited)
   Lair: D:8-11

Altars:
Elyvilon
Okawaru

Shops:
D:1 =:(*=   D:4 [   D:6 *[*


Innate Abilities, Weirdness & Mutations

Your facial features look somewhat orcish.
You are immune to sickness and miasma.
You are immune to poison.
Your flesh is very heat resistant. (rF++)
You are vulnerable to cold. (rC-)
You float through the air rather than walking.
You learn spells naturally, not from books.
Your magical power is your life essence.
You have superior vitality. (+4 MHP)


Message History

The wolf is heavily wounded.
The wolf bites you. You block the wolf's attack.
You take 3 damage, and have 47/80 hp.
You hit the wolf but do no damage.
The wolf is heavily wounded.
The wolf bites you but does no damage.
You closely miss the wolf.
The wolf is heavily wounded.
The wolf bites you but does no damage.
You hit the wolf but do no damage.
The wolf is heavily wounded.
The wolf bites you but does no damage. The wolf bites you.
You take 1 damage, and have 47/80 hp.
You punch the wolf!
You kill the wolf!
Beogh accepts your kill.
The wyvern bites you but does no damage.
You punch the wyvern!
The wyvern is moderately wounded.
The wyvern bites you!
You take 14 damage, and have 33/80 hp.
You hit the wyvern.
The wyvern is moderately wounded.
The wyvern bites you but does no damage.
You closely miss the wyvern.
The wyvern is moderately wounded.
The wyvern bites you.
You take 2 damage, and have 31/80 hp.
You closely miss the wyvern.
The wyvern is moderately wounded.
The wyvern bites you. The wyvern bites you!
* * * LOW HITPOINT WARNING * * *
You take 20 damage, and have 11/80 hp.
MASSIVE DAMAGE!!
You hit the wyvern.
The wyvern is heavily wounded.
The wyvern bites you but does no damage.
You punch the wyvern!
The wyvern is severely wounded.
The wyvern bites you!
You die...

.. .####+## #######.##.....#
........#.......
........#.......####
.....[..+..._...@kh#
........#.......##h#
....<...#.......##.### ##.
<.......##.....##>hk.# ....
.........###+###...S.# #....
.....................# ....#
#####...##.>.........#####....#
###................kh..S..#.
#####............#.......P


You could see a black bear, a wyvern and a wolf.

Vanquished Creatures
  Pikel (D:4)
  Grinder (D:6)
  Sigmund (D:2)
  Pargi (D:3)
  A sky beast (D:7)
  An ice beast (D:6)
  2 ogres (D:6)
  A wolf (D:8)
  A crocodile (Sewer)
  A centaur (D:7)
  2 phantoms
  A lemure (D:4)
  A kobold brigand (D:6)
  Blork the orc (D:4)
  2 brain worms (Sewer)
  A bullfrog (D:7)
  5 scorpions
  5 killer bees (D:7)
  2 centaur zombies (Ossuary)
  2 hounds
  2 jellies
  5 orc priests
  A gnoll bouda (D:4)
  An iguana (D:6)
  3 sleepcaps (D:5)
  5 orc wizards
  3 crocodile zombies (Ossuary)
  2 mummies (Ossuary)
  8 gnolls
  5 adders
  3 ufetubi (D:6)
  3 ribbon worms
  3 dart slugs
  9 orcs
  6 ball pythons
  4 endoplasms
  5 giant cockroaches
  5 gnoll zombies (Ossuary)
  10 goblins
  13 hobgoblins
  6 quokkas
  5 bats
  5 frilled lizards
  9 kobolds
  A kobold zombie (Ossuary)
  8 rats
163 creatures vanquished.

Vanquished Creatures (collateral kills)
  Maurice (D:7)
  Menkaure (D:5)
  A howler monkey (D:7)
  A sleepcap (D:6)
  An ufetubus (D:6)
  An orc (D:6)
  A kobold (D:6)
7 creatures vanquished.

Vanquished Creatures (others)
  An orc apostle (D:7)
  An orc warrior (D:7)
  2 orcs (D:6)
4 creatures vanquished.

Grand Total: 174 creatures vanquished

Notes
Turn   | Place    | Note
-------+----------+-------------------------------------------
     0 | D:1      | jasper the Djinni Fighter began the quest for the Orb.
     0 | D:1      | Reached XP level 1. HP: 20/20 MP: 0/0
   217 | D:1      | Reached XP level 2. HP: 25/25 MP: 0/0
   243 | D:1      | Found Naiqykh's Book Shoppe.
   333 | D:1      | Found Wonwui's General Store.
   340 | D:1      | Found Noisuniy's Jewellery Emporium.
   341 | D:1      | Bought a scroll of identify for 26 gold pieces
   532 | D:1      | Found Doyh's Jewellery Shoppe.
   702 | D:1      | Found Tudidd's Weapon Emporium.
   735 | D:1      | Reached XP level 3. HP: 30/30 MP: 0/0
   735 | D:1      | Learned a level 1 spell: Sting
  1173 | D:2      | Noticed Sigmund
  1188 | D:2      | Killed Sigmund
  1189 | D:2      | Reached skill level 4 in Fighting
  1189 | D:2      | Reached XP level 4. HP: 10/38 MP: 0/0
  1189 | D:2      | Reached XP level 5. HP: 11/42 MP: 0/0
  1189 | D:2      | Learned a level 2 spell: Jinxbite
  1189 | D:2      | Reached XP level 6. HP: 13/49 MP: 0/0
  1355 | D:2      | Became a worshipper of Beogh the Shepherd
  1417 | D:2      | Found a faded altar of an unknown god.
  2484 | D:3      | Found a glowing drain.
  2485 | D:3      | Noticed Pargi
  2525 | D:3      | Killed Pargi
  2526 | D:3      | Reached skill level 5 in Fighting
  2780 | Sewer    | Entered a sewer
  2790 | Sewer    | Reached XP level 7. HP: 54/54 MP: 0/0
  2790 | Sewer    | Learned a level 2 spell: Static Discharge
  2942 | Sewer    | Reached skill level 5 in Unarmed Combat
  3166 | D:3      | Reached skill level 6 in Fighting
  3499 | D:3      | Reached * piety under Beogh
  3933 | D:4      | Found a staircase to the Ecumenical Temple.
  3969 | D:4      | Found Effiecs's Armour Shoppe.
  4182 | D:4      | Found an iron altar of Okawaru.
  4498 | D:5      | Entered Level 5 of the Dungeon
  4498 | D:5      | Noticed Menkaure
  4506 | D:5      | Killed Menkaure
  4507 | D:5      | Reached XP level 8. HP: 23/62 MP: 0/0
  5003 | D:5      | Reached skill level 7 in Fighting
  5168 | D:5      | Reached ** piety under Beogh
  5190 | D:5      | Found a white marble altar of Elyvilon.
  5367 | D:5      | Reached skill level 1 in Invocations
  5868 | D:5      | Reached XP level 9. HP: 68/68 MP: 0/0
  5868 | D:5      | Learned a level 4 spell: Petrify
  6205 | D:6      | Reached skill level 8 in Fighting
  6306 | D:6      | Found a sand-covered staircase.
  6311 | Ossuary  | Entered an ossuary
  6601 | Ossuary  | Reached *** piety under Beogh
  6796 | D:6      | Noticed Spirok
  6822 | D:6      | Anointed Spirok the priest as your apostle
  7116 | D:6      | Noticed Grinder
  7128 | D:6      | Killed Grinder
  7338 | D:6      | Found Yvaal's Assorted Antiques.
  7344 | D:6      | Found Nophoozo's Antique Armour Shoppe.
  7370 | D:6      | Found Civid's Assorted Antiques.
  7594 | D:7      | Noticed Maurice
  7616 | D:7      | Killed Maurice
  7617 | D:7      | Reached skill level 9 in Fighting
  7617 | D:7      | Reached XP level 10. HP: 54/78 MP: 0/0
  7625 | D:7      | Your ally Spirok died
  8392 | D:6      | Bought a potion of curing for 87 gold pieces
  8392 | D:6      | Bought 2 potions of curing for 174 gold pieces
  8392 | D:6      | Bought a scroll labelled YTUAMM LUNOIRE for 29 gold pieces
  8473 | D:4      | Noticed Blork the orc
  8486 | D:4      | Killed Blork the orc
  8621 | D:4      | Noticed Pikel
  8627 | D:4      | Killed Pikel
  8628 | D:4      | Reached skill level 10 in Fighting
  8983 | D:8      | Slain by a wyvern

Illustrated notes

Levels and vault maps discovered:
D:1:      dpeg_arrival_rooms_c, layout_loops_ring, serial_shops,
          nicolae_shop_tiny_real_fake_doors, shop, nicolae_diamond_shop, shop,
          shop
D:2:      layout_basic, shapermc_ecumenical_altar_mp_highgroup, uniq_sigmund
D:3:      corexii_shack_village, layout_loops_ring, portal_sewer_entry_c,
          uniq_pargi
D:4:      layout_cave_pods, mainiacjoe_overflow_cross_hatched,
          minmay_temple_entry_junction, serial_shops, shop, uniq_pikel,
          uniq_blork_the_orc
D:5:      layout_cave_pools, overflow_temple_1_default, uniq_menkaure
D:6:      layout_basic, enter_ossuary_2, nicolae_shop_distant_corner_stores,
          minmay_tree_intersection, uniq_grinder
D:7:      layout_rooms, kb_lookout_dungeons_type, uniq_maurice
D:8:      layout_rooms, nicolae_vehumet_altar_sigil,
          gammafunk_temple_overflow_wave, minmay_lair_entry_grove,
          serial_corexii_hall, chequers_hall_statues_y, chequers_hall_statues_y,
          corexii_hall_statues_x, lightli_church_of_beogh

Skill      XL: |  1  2  3  4  5  6  7  8  9 10 |
---------------+-------------------------------+-----
Fighting       | 4 5 6 7 9 10 | 10.1
Shields        | 4 |  4.0
Unarmed Combat | 3 4 5 6 8 9 |  9.8
Invocations    | 2 4 |  4.0
Armour         | |  3.0

Action                     |  1- 3 |  4- 6 |  7- 9 | 10-12 || total
---------------------------+-------+-------+-------+-------++-------
  Melee: Unarmed           |   158 |   106 |   600 |    77 ||   941
  Throw: Dart              |     4 |     2 |    45 |    14 ||    65
 Invoke: Convert to Beogh  |       |     1 |       |       ||     1
         Recruit Apostle   |       |       |     1 |       ||     1
  Evoke: Wand              |       |       |     3 |     6 ||     9
    Use: Potion            |     2 |     1 |     5 |     5 ||    13
         Scroll            |       |       |    18 |     4 ||    22
   Stab: Invisible         |       |       |     2 |     3 ||     5
 Armour: Scale mail        |    91 |    94 |   381 |    78 ||   644
         Skin              |       |       |    47 |       ||    47
  Dodge: Dodged            |    52 |    56 |   229 |    41 ||   378
  Block: Buckler           |    24 |    31 |   136 |    16 ||   207

Table legend: (Time is in decaauts)
 A = Elapsed time spent in this place.
 B = Non-inter-level travel time spent in this place.
 C = Inter-level travel time spent in this place.
 D = Time resting spent in this place.
 E = Time spent auto-exploring this place.
 F = Levels seen in this place.
 G = Mean time per level.
                   A        B        C        D        E       F      G
               +--------+--------+--------+--------+--------+-----+--------+
         Total |   8919 |   8504 |    415 |   1430 |   5198 |  10 |  891.9 |
       Dungeon |   8133 |   7718 |    415 |   1243 |   4819 |   8 | 1016.6 |
         Sewer |    331 |    331 |      0 |      0 |    249 |   1 |  331.0 |
       Ossuary |    454 |    454 |      0 |    187 |    130 |   1 |  454.0 |
               +--------+--------+--------+--------+--------+-----+--------+

Top non-repeatable levels by time:
     D:2: 1806 daAuts
     D:4: 1465 daAuts
     D:5: 1171 daAuts
     D:6: 1079 daAuts
     D:3: 880 daAuts
     D:7: 843 daAuts
     D:1: 831 daAuts
 Ossuary: 454 daAuts
   Sewer: 331 daAuts
     D:8: 54 daAuts
